 Dungeon Crawl Stone Soup version 0.31.0-12-g77e489cdc1 (webtiles) character file.

Game seed: 3386048091351524888

120710 Gadfly the Imperceptible (level 16, 0/85 HPs)
             Began as a Spriggan Enchanter on Feb 17, 2024.
             Was an Initiate of Gozag.
             Slain by an orc warrior
             ... wielding a +0 battleaxe
             ... led by an orc high priest
              (8 damage)
             ... on level 2 of the Orcish Mines.
             The game lasted 01:11:48 (36913 turns).

Gadfly the Imperceptible (Spriggan Enchanter)      Turns: 36913, Time: 01:11:48

Health: 0/85       AC: 10    Str:  4    XL:     16   Next: 30%
Magic:  19/34      EV: 38    Int: 22    God:    Gozag
Gold:   7799       SH:  0    Dex: 24    Spells: 6/42 levels left

rFire   . . .        a - +3 dagger (flame)
rCold   . . .        (no shield)
rNeg    . . .        B - +1 steam dragon scales
rPois   .            K - +1 hat of the Meager Alphagorgon {rElec}
rElec   +            r - +2 cloak
rCorr   .            (gloves unavailable)
SInv    +            (boots unavailable)
Will    ++...        N - amulet of regeneration
Stlth   +++++++++    k - +6 ring of dexterity
HPRegen 1.14/turn    m - +5 ring of evasion
MPRegen 0.24/turn

%: no passive effects
@: gold aura, very quick
A: very small, no large weapons, unfitting armour, see invisible, speed 3
a: Renounce Religion, Potion Petition, Call Merchant, Bribe Branch


You were on level 2 of the Orcish Mines.
You worshipped Gozag.
Gozag was greatly pleased with you.
You visited 5 branches of the dungeon, and saw 26 of its levels.
You also visited: Sewer, Gauntlet and Ice Cave.

You collected 8744 gold pieces.
You spent 761 gold pieces at shops.
You paid 184 gold pieces to Gozag.

Inventory:

Hand Weapons
 a - a +3 dagger of flaming (weapon)
 b - a +2 dagger of venom
 R - a +2 rapier of flaming
Missiles
 G - a throwing net
Armour
 r - a +2 cloak (worn)
 B - +1 steam dragon scales (worn)
 K - the +1 hat of the Meager Alphagorgon (worn) {rElec}
   (You acquired it on level 11 of the Dungeon)

   rElec:     It insulates you from electricity.
 V - a scarf of resistance
Jewellery
 e - a ring of positive energy
 k - a +6 ring of dexterity (left hand)
 m - a +5 ring of evasion (right hand)
 D - the ring of Ejunyepp {Fly rN+ Will+ Stlth-}
   (You found it in an ice cave)

   [ring of flight]

   rN+:       It protects you from negative energy.
   Will+:     It increases your willpower.
   Fly:       It grants you flight.
   Stlth-:    It makes you less stealthy.
 H - a ring of flight
 I - a ring of protection from cold
 N - an amulet of regeneration (around neck)
 S - a ring of resist corrosion
 T - the ring of Liberty {Fly rElec rPois Dex+2}
   (You found it in a Gauntlet)

   [ring of poison resistance]

   Dex+2:     It affects your dexterity (+2).
   rElec:     It insulates you from electricity.
   rPois:     It protects you from poison Fly: It grants you flight.
Wands
 g - a wand of polymorph (12)
 l - a wand of charming (29)
 E - a wand of digging (12)
 O - a wand of flame (5)
 Q - a wand of light (10)
 W - a wand of iceblast (8)
 X - a wand of mindburst (3)
Scrolls
 h - 2 scrolls of silence
 i - 2 scrolls of amnesia
 j - 3 scrolls of revelation
 q - a scroll of vulnerability
 u - 4 scrolls of enchant armour
 v - 9 scrolls of teleportation
 w - 5 scrolls of enchant weapon
 y - 6 scrolls of blinking
 z - a scroll of fog
 A - 17 scrolls of identify
 F - 4 scrolls of poison
 M - a scroll of brand weapon
 P - a scroll of fear
Potions
 c - 2 potions of invisibility
 d - 2 potions of mutation
 f - 3 potions of might
 n - 3 potions of enlightenment
 o - 7 potions of heal wounds
 p - a potion of cancellation
 s - 2 potions of haste
 t - 10 potions of curing
 x - 4 potions of brilliance
 C - a potion of lignification
 U - a potion of magic
Miscellaneous
 L - a sack of spiders
 Z - a tin of tremorstones (2/2)


   Skills:
 + Level 10.0 Fighting
 + Level 12.9 Short Blades
 + Level 14.9 Dodging
 + Level 22.0 Stealth
 + Level 13.7 Spellcasting
 + Level 13.9 Hexes
 + Level 14.7 Evocations


You had 6 spell levels left.
You knew the following spells:

 Your Spells              Type           Power      Damage    Failure   Level
a - Ensorcelled Hibernat  Hex/Ice        90%        N/A       1%          2
b - Confusing Touch       Hex            67%        N/A       1%          3
c - Cause Fear            Hex            33%        N/A       1%          4
d - Yara's Violent Unrav  Hex/Alch       22%        3d10      6%          5
e - Enfeeble              Hex            33%        N/A       11%         7
f - Blink                 Tloc           30%        N/A       6%          2
g - Discord               Hex            33%        N/A       65%         8
h - Summon Mana Viper     Hex/Summ       45%        N/A       6%          5

Your spell library contained the following spells:

 Spells                   Type           Power      Damage    Failure   Level
 Slow                     Hex            100%       N/A       0%          1
 Jinxbite                 Hex            100%       N/A       1%          2
 Dazzling Flash           Conj/Hex       90%        N/A       1%          3
 Sigil of Binding         Hex            67%        N/A       1%          3
 Tukima's Dance           Hex            67%        N/A       1%          3
 Anguish                  Hex/Necr       22%        N/A       2%          4
 Freeze                   Ice            60%        1d7       4%          1
 Summon Small Mammal      Summ           60%        N/A       4%          1
 Call Imp                 Summ           30%        N/A       6%          2
 Static Discharge         Conj/Air       30%        3-5/arc   6%          2
 Sublimation of Blood     Necr           15%        N/A       6%          2
 Metabolic Englaciation   Hex/Ice        22%        N/A       6%          5
 Call Canine Familiar     Summ           15%        N/A       12%         3
 Frozen Ramparts          Ice            30%        1d5       12%         3
 Gell's Gravitas          Tloc           15%        N/A       12%         3
 Hailstorm                Conj/Ice       15%        3d6       12%         3
 Ozocubu's Armour         Ice            15%        N/A       12%         3
 Summon Ice Beast         Ice/Summ       15%        N/A       12%         3
 Teleport Other           Tloc           15%        N/A       12%         3
 Vampiric Draining        Necr           15%        2d7       12%         3
 Volatile Blastmotes      Fire/Tloc      30%        2d12      12%         3
 Airstrike                Air            7%         2d(2-18)  38%         4
 Fulminant Prism          Conj/Alch      7%         3d7       38%         4
 Iskenderun's Mystic Bla  Conj/Tloc      15%        2d5       38%         4
 Summon Blazeheart Golem  Fire/Summ      15%        N/A       38%         4
 Summon Lightning Spire   Summ/Air       15%        N/A       38%         4
 Lee's Rapid Deconstruct  Erth           7%         3d7*      75%         5
 Summon Forest            Summ/Tloc      7%         N/A       75%         5
 Conjure Ball Lightning   Conj/Air       7%         3x3d6     99%         6
 Dispersal                Tloc           7%         N/A       99%         6
 Sculpt Simulacrum        Ice/Alch       7%         N/A       99%         6
 Summon Cactus Giant      Summ           7%         N/A       99%         6
 Malign Gateway           Summ/Tloc      7%         N/A       100%        7
 Summon Hydra             Summ           7%         N/A       100%        7
 Disjunction              Tloc           7%         N/A       100%        8
 Shatter                  Erth           7%         3d10*     100%        9


Dungeon Overview and Level Annotations

Branches:
Dungeon (15/15)            Temple (1/1) D:4            Lair (5/5) D:8
 Shoals (3/4) Lair:3        Snake (0/4) Lair:2        Slime (0/5) Lair:5
    Orc (2/2) D:9          Vaults (0/5) D:13         Depths (0/4) D:15
  Sewer (visited)           IceCv (visited)         Gauntlet (visited)
    Elf: Orc:2

Altars:
Ashenzari
Cheibriados
Dithmenos
Elyvilon
Fedhas
Gozag
Hepliaklqana
Kikubaaqudgha
Makhleb
Nemelex Xobeh
Okawaru
Qazlal
Ru
Sif Muna
Trog
Uskayaw
Vehumet
Wu Jian
Xom
Yredelemnul
Zin
The Shining One

Shops:
D:4 (   D:14 :   Orc:2 [?=[

Portals:
Trove: D:15 (give +8 demon blade)

Annotations:
D:7 3 runed translucent doors, Silvore's ghost, novice DsFi; hawla's ghost, novice DEFE
Shoals:3 3 runed translucent doors, exclusion: obsidian statue, thechecker02's ghost, adept GnFi


Innate Abilities, Weirdness & Mutations

You are very small and have problems with some larger weapons.
You are too small for most types of armour.
You have supernaturally acute eyesight. (SInv)
You cover ground extremely quickly. (Speed+++)


Message History

The orc warrior hits you from afar with a +0 glaive!
* * * LOW HITPOINT WARNING * * *
The rust devil completely misses you. The orc sorcerer completely misses you.
Casting: Ensorcelled Hibernation (safe; 1% risk of failure)
Confirm with . or Enter, or press ? or * to list all spells.
Aiming: Ensorcelled Hibernation (safe; 1% risk of failure)
Press: ? - help, Shift-Dir - straight line, f - orc sorcerer, p - orc high priest
Aim: an orc sorcerer, wielding a +0 dagger and wearing a +0 robe (chance to affect: 51%)
The orc sorcerer resists with significant effort.
The sixfirhy is no longer distracted by gold.
The sixfirhy completely misses you. The sixfirhy closely misses you.
The sixfirhy completely misses you. The orc completely misses you.
The orc high priest completely misses you.
The orc completely misses you. The orc warrior completely misses you.
The orc warrior barely misses you. The sixfirhy completely misses you.
The orc sorcerer completely misses you. The rust devil completely misses you.
Casting: Ensorcelled Hibernation (safe; 1% risk of failure)
Confirm with . or Enter, or press ? or * to list all spells.
Aiming: Ensorcelled Hibernation (safe; 1% risk of failure)
Press: ? - help, Shift-Dir - straight line, f/p - orc sorcerer
Aim: an orc sorcerer, wielding a +0 dagger and wearing a +0 robe (chance to affect: 51%)
The orc sorcerer looks drowsy...
The sixfirhy barely misses you.
The orc high priest hits you with a +0 trident!
* * * LOW HITPOINT WARNING * * *
The orc completely misses you. x2; The orc warrior completely misses you.
The orc warrior hits you from afar with a +0 glaive!
* * * LOW HITPOINT WARNING * * *
The rust devil misses you.
The helpless orc sorcerer fails to defend itself.
You skewer the orc sorcerer like a kebab!!!!!
You burn the orc sorcerer!
You kill the orc sorcerer!
The sixfirhy disappears in a puff of smoke!
The rust devil disappears in a puff of smoke!
The orc high priest completely misses you.
The orc hits you but does no damage. The orc completely misses you.
The orc warrior misses you.
The orc warrior hits you with a +0 battleaxe!
You die...
Your body crumbles into a pile of gold.

............. ......#.........#
...............................
...............................
........................
........................
........................
........................
...............§.o......
..)............$@o......
...............o§o......
...............o........
........................
...#.##.##..##..#..#..##
#######################


You could see an orc high priest, 2 orc warriors and 2 orcs.

Vanquished Creatures
  Bai Suzhen (Shoals:3)
  Mlioglotl (Shoals:1)
  An orc warlord (Orc:1)
  An ironbound thunderhulk (D:13)
  A minotaur (Gauntlet)
  Nessos (D:15)
  A dire elephant (IceCv)
  3 merfolk impalers
  Josephine (Lair:3)
  A rakshasa (D:15)
  2 vault guards (D:13)
  4 hydras
  2 merfolk aquamancers (Shoals:2)
  2 alligator snapping turtles (Shoals:1)
  2 centaur warriors
  A catoblepas (Lair:5)
  4 boulder beetles
  2 two-headed ogres
  8 death yaks
  2 tengu warriors (D:13)
  A deep troll shaman (Lair:5)
  Urug (Lair:5)
  3 occultists (D:15)
  Amaemon (Lair:1)
  2 skysharks (Shoals:2)
  6 skeletal warriors
  7 sea snakes
  2 large abominations (Gauntlet)
  An arcanist (D:13)
  Pikel (D:8)
  A lindwurm (Lair:5)
  2 necromancers
  8 orc knights
  A deep elf pyromancer (D:13)
  16 manticores
  7 ugly things
  Maurice (D:8)
  2 orc sorcerers (Orc:2)
  3 cyclopes
  3 meliai (D:15)
  7 fauns
  2 ice statues (IceCv)
  A centaur zombie (D:15)
  13 elephants (Lair:5)
  8 merfolk sirens
  6 kobold blastminers (Orc:2)
  3 water nymphs
  A black mamba (Lair:4)
  A gargoyle (D:11)
  A torpor snail (Gauntlet)
  A cane toad (shapeshifter) (D:15)
  An orange demon (Lair:1)
  Maggie (D:8)
  2 unseen horrors
  4 cane toads
  5 kobold demonologists
  3 komodo dragons
  5 rime drakes
  5 tengu conjurers
  A freezing wraith (D:15)
  2 guardian mummies (D:15)
  4 polar bears
  6 merfolk
  7 trolls
  2 wind drakes (Shoals:3)
  5 snapping turtles
  12 blink frogs
  30 slime creatures
  2 centaur simulacra
  3 wyverns
  8 water elementals
  A shadow (D:10)
  2 vampires
  5 wraiths
  2 humans (D:13)
  50 yaks
  4 basilisks
  3 wargs (Orc:1)
  4 vampire mosquitoes
  4 steam dragons
  3 nagas (Lair:2)
  A water moccasin (shapeshifter) (D:14)
  2 acid dragons (D:13)
  4 great orb of eyes simulacra (IceCv)
  10 water moccasins
  2 sky beasts (D:7)
  42 orc warriors
  2 black bears
  A laughing skull (D:13)
  5 ice beasts (D:8)
  32 wolves
  5 ogres
  5 small abominations (Gauntlet)
  14 centaurs
  4 slime creature simulacra (IceCv)
  3 kobold brigands
  9 bullfrogs
  A brain worm (Sewer)
  2 gnoll sergeants
  3 scorpions
  14 wights
  15 killer bees
  3 electric eels
  A howler monkey (D:10)
  2 bombardier beetles (D:5)
  2 jellies (D:5)
  A gnoll bouda (D:9)
  2 hounds (D:6)
  21 orc priests
  Crazy Yiuf (D:3)
  3 sleepcaps
  Jessica (D:3)
  Natasha (D:3)
  5 iguanas
  Ijyb (D:3)
  20 orc wizards
  5 hell rats
  A shapeshifter simulacrum (IceCv)
  A boggart simulacrum (D:15)
  Robin (D:3)
  14 gnolls
  13 adders
  2 shadow imps
  2 ufetubi (D:6)
  4 dart slugs
  2 ribbon worms (D:4)
  72 orcs
  12 bats
  9 endoplasms
  6 giant cockroaches
  19 goblins
  6 hobgoblins
  13 jackals
  3 quokkas
  12 ball pythons
  2 frilled lizards
  14 kobolds
  5 rats
798 creatures vanquished.

Vanquished Creatures (collateral kills)
  A wraith (D:14)
  2 orc wizards
  2 orcs
5 creatures vanquished.

Grand Total: 803 creatures vanquished

Notes
Turn   | Place    | Note
-------+----------+-------------------------------------------
     0 | D:1      | Gadfly the Spriggan Enchanter began the quest for the Orb.
     0 | D:1      | Reached XP level 1. HP: 9/9 MP: 5/5
   161 | D:1      | Reached XP level 2. HP: 13/13 MP: 6/6
   166 | D:1      | Learned a level 2 spell: Ensorcelled Hibernation
   424 | D:1      | Found a faded altar of an unknown god.
   438 | D:1      | Reached skill level 1 in Evocations
   861 | D:2      | Found a shimmering altar of Xom.
   929 | D:2      | Reached XP level 3. HP: 17/17 MP: 8/8
   961 | D:2      | Reached skill level 1 in Fighting
  1641 | D:3      | Noticed Ijyb
  1661 | D:3      | Killed Ijyb
  1662 | D:3      | Reached XP level 4. HP: 10/22 MP: 6/9
  1664 | D:3      | Reached skill level 5 in Stealth
  1879 | D:3      | Noticed Jessica
  1885 | D:3      | Killed Jessica
  2028 | D:3      | Reached XP level 5. HP: 25/25 MP: 8/11
  2131 | D:3      | Noticed Robin
  2254 | D:3      | Killed Robin
  2432 | D:3      | Noticed Natasha
  2435 | D:3      | Killed Natasha
  2644 | D:3      | Found a runed translucent door.
  2645 | D:3      | Noticed Crazy Yiuf
  2881 | D:3      | Killed Crazy Yiuf
  3789 | D:4      | Found Kaogy's Antique Weapon Shoppe.
  3795 | D:4      | Bought a glowing dagger for 115 gold pieces
  3828 | D:4      | Noticed an ogre
  3839 | D:4      | Killed an ogre
  3840 | D:4      | Reached XP level 6. HP: 29/30 MP: 7/12
  3850 | D:4      | Found a staircase to the Ecumenical Temple.
  3857 | Temple   | Entered the Ecumenical Temple
  3885 | D:4      | Found a glowing drain.
  3894 | Sewer    | Entered a sewer
  4775 | D:4      | Reached skill level 6 in Stealth
  5089 | D:4      | Found a shadowy altar of Dithmenos.
  5299 | D:4      | Reached XP level 7. HP: 35/35 MP: 11/14
  5339 | D:4      | Learned a level 3 spell: Confusing Touch
  5454 | D:5      | Entered Level 5 of the Dungeon
  5463 | D:5      | Found a sacrificial altar of Ru.
  5619 | D:5      | Reached skill level 5 in Hexes
  6000 | D:5      | Reached skill level 5 in Dodging
  6162 | D:5      | Reached XP level 8. HP: 34/39 MP: 9/16
  6255 | D:5      | Reached skill level 7 in Stealth
  6977 | D:5      | Reached skill level 5 in Spellcasting
  7276 | D:6      | Reached skill level 5 in Evocations
  7889 | D:6      | Reached skill level 8 in Stealth
  8066 | D:7      | Reached XP level 9. HP: 45/45 MP: 15/18
  8086 | D:7      | Found a hide-covered altar of Uskayaw.
  8113 | D:7      | Reached skill level 5 in Short Blades
  8159 | D:7      | Noticed a troll
  8370 | D:7      | Found a shimmering blue altar of Sif Muna.
  8383 | D:7      | Found an opulent altar of Gozag.
  8449 | D:7      | Found a snail-covered altar of Cheibriados.
  8480 | D:7      | Became a worshipper of Gozag Ym Sagoz the Greedy
  8643 | D:7      | Found a runed translucent gate.
  8643 | D:7      | Found a runed translucent gate.
  8643 | D:7      | Found a runed translucent gate.
  8643 | D:7      | Noticed hawla's ghost (novice DEFE)
  8660 | D:7      | Noticed Silvore's ghost (novice DsFi)
  8809 | D:7      | Found a glowing golden altar of the Shining One.
  8816 | D:7      | Found a broken altar of Ashenzari.
  8819 | D:7      | Found an ornate altar of the Wu Jian Council.
  8819 | D:7      | Found an ancient bone altar of Kikubaaqudgha.
  8826 | D:7      | Found a hazy altar of Hepliaklqana.
  8948 | D:7      | Killed a troll
  8949 | D:7      | Reached skill level 9 in Stealth
  9075 | D:8      | Found an iron altar of Okawaru.
  9116 | D:8      | HP: 1/45 [orc wizard/magic dart (2)]
  9354 | D:8      | Found a staircase to the Lair.
  9373 | D:8      | Noticed a rime drake
  9617 | D:7      | Killed a rime drake
  9812 | D:8      | Reached XP level 10. HP: 51/51 MP: 16/21
  9917 | D:8      | Noticed Pikel
 10344 | D:8      | Noticed Maurice
 10778 | D:8      | Killed Maurice
 10779 | D:8      | Reached skill level 10 in Stealth
 10865 | D:8      | Noticed Maggie
 10870 | D:8      | Killed Maggie
 10957 | D:8      | Killed Pikel
 10961 | D:8      | Reached skill level 5 in Fighting
 11070 | D:8      | Reached skill level 11 in Stealth
 11604 | D:8      | Got the Directory of the Firefly
 11961 | D:8      | Learned a level 4 spell: Cause Fear
 11967 | D:8      | Learned a level 5 spell: Yara's Violent Unravelling
 11975 | D:8      | Learned a level 7 spell: Enfeeble
 11978 | D:8      | Learned a level 2 spell: Blink
 11993 | D:9      | Found a staircase to the Orcish Mines.
 12866 | D:9      | Reached skill level 12 in Stealth
 12993 | D:9      | Reached XP level 11. HP: 25/56 MP: 21/24
 13504 | D:9      | Found a blossoming altar of Fedhas.
 13696 | D:10     | Entered Level 10 of the Dungeon
 15045 | D:11     | Identified a scroll of acquirement
 15046 | D:11     | Acquired the +1 hat of the Meager Alphagorgon {rElec}
 15158 | D:12     | Reached skill level 13 in Stealth
 15592 | D:12     | Noticed a two-headed ogre
 15601 | D:12     | Killed a two-headed ogre
 15853 | Lair:1   | Entered Level 1 of the Lair of Beasts
 16017 | Lair:1   | Reached skill level 14 in Stealth
 16489 | Lair:1   | Reached skill level 10 in Dodging
 16628 | Lair:1   | Reached XP level 12. HP: 49/62 MP: 26/26
 16724 | Lair:1   | Noticed Amaemon
 16732 | Lair:1   | Killed Amaemon
 16900 | Lair:1   | Identified the +5 mace of Empigez {freeze, rN+ Str+3}
 17048 | Lair:1   | Reached skill level 15 in Stealth
 17092 | Lair:1   | Reached skill level 10 in Evocations
 17280 | Lair:1   | Reached skill level 10 in Hexes
 17925 | Lair:2   | Found a staircase to the Snake Pit.
 18151 | Lair:2   | Reached skill level 10 in Spellcasting
 18304 | Lair:2   | Reached skill level 16 in Stealth
 18644 | Lair:3   | Noticed a five-headed hydra
 18650 | Lair:3   | Killed a five-headed hydra
 18669 | Lair:3   | Noticed Josephine
 18696 | Lair:3   | Killed Josephine
 18895 | Lair:3   | Noticed a six-headed hydra
 18911 | Lair:2   | Killed a six-headed hydra
 19205 | Lair:3   | Reached XP level 13. HP: 63/67 MP: 25/28
 20042 | Lair:3   | Found a staircase to the Shoals.
 20457 | Lair:4   | Found a gate leading to a gauntlet.
 20488 | Lair:4   | Reached skill level 17 in Stealth
 20499 | Gauntlet | Entered a Gauntlet
 20499 | Gauntlet | Found a transporter.
 20499 | Gauntlet | Found a transporter.
 20533 | Gauntlet | Found a transporter.
 20533 | Gauntlet | Found a transporter.
 20533 | Gauntlet | Found a transporter.
 20533 | Gauntlet | Found a transporter.
 20545 | Gauntlet | Found a transporter.
 20547 | Gauntlet | Found a transporter.
 20557 | Gauntlet | Found a transporter.
 20659 | Gauntlet | Found a transporter.
 20663 | Gauntlet | Found a transporter.
 20673 | Gauntlet | Found a transporter.
 20985 | Gauntlet | Identified the ring of Liberty {Fly rElec rPois Dex+2}
 21173 | Gauntlet | Noticed a minotaur
 21199 | Gauntlet | Killed a minotaur
 21200 | Gauntlet | Reached skill level 10 in Short Blades
 21228 | Gauntlet | Got the Meditations on the Charming Crater
 21934 | Lair:5   | Entered Level 5 of the Lair of Beasts
 21934 | Lair:5   | Found a staircase to the Slime Pits.
 21961 | Lair:5   | Found a frozen archway.
 21974 | IceCv    | Entered an ice cave
 22902 | IceCv    | Reached skill level 18 in Stealth
 23255 | IceCv    | Found a viscous altar of Jiyva.
 23255 | IceCv    | Noticed an azure jelly
 23547 | IceCv    | an azure jelly changed into a dire elephant
 23547 | IceCv    | Noticed a dire elephant
 23554 | IceCv    | Killed a dire elephant
 23664 | IceCv    | Identified the ring of Ejunyepp {Fly rN+ Will+ Stlth-}
 23670 | IceCv    | Got the ring "Tywuig" {Ice Str+3}
 24313 | Lair:5   | Reached XP level 14. HP: 73/73 MP: 24/30
 24407 | Lair:5   | Found a shadowy altar of Dithmenos.
 24931 | Lair:5   | Reached skill level 19 in Stealth
 25041 | Lair:5   | Noticed Urug
 25100 | Lair:5   | Killed Urug
 25216 | Lair:5   | Learned a level 8 spell: Discord
 25867 | Lair:1   | Identified the +1 pair of gloves "Sakeempyd" {*Slow rPois
                  | rN++}
 26692 | D:13     | Reached skill level 20 in Stealth
 26797 | D:13     | Noticed an ironbound thunderhulk
 26806 | D:13     | Killed an ironbound thunderhulk
 27134 | D:13     | Found a gate to the Vaults.
 27422 | D:14     | Found Emyrij's Book Boutique.
 27429 | D:14     | Bought a book of the Wilderness for 646 gold pieces
 27435 | D:14     | Learned a level 5 spell: Summon Mana Viper
 28250 | D:14     | Reached XP level 15. HP: 75/79 MP: 27/32
 28399 | D:15     | Entered Level 15 of the Dungeon
 29436 | D:15     | Found a staircase to the Depths.
 29549 | D:15     | Noticed Nessos
 29552 | D:15     | Killed Nessos
 29757 | D:15     | Found a portal to a secret trove of treasure.
 29781 | D:15     | Reached skill level 21 in Stealth
 30345 | Shoals:1 | Entered Level 1 of the Shoals
 30810 | Shoals:1 | Noticed Mlioglotl
 30936 | Shoals:1 | Killed Mlioglotl
 32956 | Shoals:3 | Found a runed translucent gate.
 32956 | Shoals:3 | Found a runed translucent gate.
 32956 | Shoals:3 | Found a runed translucent gate.
 32957 | Shoals:3 | Found an opulent altar of Gozag.
 32958 | Shoals:3 | Noticed thechecker02's ghost (adept GnFi)
 33049 | Shoals:3 | Noticed Bai Suzhen
 33142 | Shoals:3 | Killed Bai Suzhen
 33446 | Shoals:3 | Reached XP level 16. HP: 57/85 MP: 25/34
 34272 | Orc:1    | Entered Level 1 of the Orcish Mines
 34272 | Orc:1    | Found a transporter.
 34288 | Orc:1    | Found an ornate altar of the Wu Jian Council.
 34288 | Orc:1    | Found a transporter.
 34534 | Orc:1    | Found a transporter.
 34987 | Orc:1    | Found a transporter.
 35077 | Orc:1    | Found an ornate altar of the Wu Jian Council.
 35331 | Orc:2    | Entered Level 2 of the Orcish Mines
 35880 | Orc:2    | Reached skill level 10 in Fighting
 36218 | Orc:2    | Reached skill level 22 in Stealth
 36506 | Orc:2    | Found Xitippym's Jewellery Emporium.
 36506 | Orc:2    | Found Zebaasab's Magic Scroll Boutique.
 36506 | Orc:2    | Found Ejosten's Armour Shop.
 36509 | Orc:2    | Found Wiassi Fell's Antique Armour Shoppe.
 36913 | Orc:2    | Slain by an orc warrior

Illustrated notes

Levels and vault maps discovered:
D:1:      scummos_arrival_simple_crosswalls, layout_rooms,
          shapermc_ecumenical_altar_mp_highgroup, minivault_11,
          nicolae_figureground_pulse
D:2:      layout_loops_ring, basic_altar
D:3:      kennysheep_the_goblin_king, layout_loops_cross,
          uniq_crazy_yiuf_cottage, uniq_robin, uniq_natasha, uniq_jessica
D:4:      layout_rooms, grunt_dithmenos_smoke, minmay_temple_entry_proselytizer,
          serial_shops, nicolae_shop_competitors_out_of_business,
          cheibrodos_sewer_entry_drain, kennysheep_generic_room_15, uniq_ijyb
D:5:      layout_loops_corners, mainiacjoe_overflow_tiny_flanked,
          serial_co_window_serial, co_window_paths_a, co_window_paths_b,
          co_window_paths_a, co_window_paths_a, co_window_paths_a,
          co_window_cross_1, co_window_corner_a, co_window_2corner,
          co_window_paths_c, co_window_corner_b, co_window_of_opportunity_b,
          co_window_of_opportunity_c, co_window_4corner_a, co_window_paths_d,
          glass_columns_a, glass_columns_a, glass_columns_b, glass_columns_a,
          glass_columns_a, minmay_joined_circles
D:6:      layout_basic, bh_walls_and_bars
D:7:      layout_rooms, nicolae_overflow_quartered_altars,
          nicolae_overflow_hallway_of_the_gods, gammafunk_ghost_cemetery,
          kennysheep_generic_room_2
D:8:      layout_layer_cave, okawaru_gym_becter, hellmonk_lair_entry_icy,
          serial_library, serial_library_hellmonk_small_alcove,
          serial_library_hellmonk_double_dead_end,
          serial_library_hellmonk_angled_corner,
          serial_library_hellmonk_filled_rooms,
          serial_library_hellmonk_metal_room,
          serial_library_regret_index_small_wings, uniq_maurice, uniq_pikel,
          uniq_maggie
D:9:      layout_irregular_city, fedhas_altar_4, david_orc_3
D:10:     layout_loops_ring, dreamdust_deal_with_the_devil
D:11:     layout_long_grid
D:12:     layout_roguey
D:13:     hangedman_cross_stitches, layout_rooms, hellmonk_vaults_keyhole
D:14:     layout_cave_pods, serial_shops, nicolae_shop_advertising_works
          [nicolae_subvault_shop_adworks]
D:15:     grunt_enter_depths_magical_seal, layout_loops_ring,
          nicolae_trove_entry_path_of_doom, uniq_nessos
Temple:   nicolae_temple_ecumenical_triangle
Lair:1:   layout_small_grid, grunt_megastairs_1, serial_bayou_shore_a,
          infiniplex_staircase_pool, uniq_amaemon
Lair:2:   layout_gridlike, guppyfry_snake_entry_island, bh_autumn_forest_stairs
Lair:3:   layout_small_grid, elwin_shoals_entry_rooms, uniq_josephine
Lair:4:   layout_regular_city, gauntlet_entry_generic
Lair:5:   grunt_lair_end_beastmaster, layout_loops_ring, slime_entry_1,
          portal_ice_cave_entry_pillars_2, chequers_serial_rivers_micro_b,
          lemuel_centaur_altar, uniq_urug
Shoals:1: layout_shoals, uniq_mlioglotl
Shoals:2: layout_shoals
Shoals:3: layout_shoals, ebering_ghost_gozag, uniq_bai_suzhen
Orc:1:    dreamdust_wu_jian_sword_trials, layout_caves, serial_shops
Orc:2:    st_orc_rangers, layout_diamond_mine, nicolae_orc_quarried_blocks

Skill      XL: |  1  2  3  4  5  6  7  8  9 10 11 12 13 14 15 16 |
---------------+-------------------------------------------------+-----
Evocations     | 1 2 3 4 5 6 8 9 10 12 13 14 | 14.7
Spellcasting   | 3 4 5 6 8 9 10 11 12 13 | 13.7
Fighting       | 1 2 3 4 5 6 7 8 9 10 | 10.0
Dodging        | 3 4 5 6 7 8 10 11 12 13 14 | 14.9
Hexes          | 4 5 6 7 8 9 10 11 12 13 | 13.9
Short Blades   | 2 3 4 6 7 8 9 10 11 12 | 12.9
Stealth        | 5 6 8 9 12 14 16 18 20 21 22 | 22.0

Action                     |  1- 3 |  4- 6 |  7- 9 | 10-12 | 13-15 | 16-18 || total
---------------------------+-------+-------+-------+-------+-------+-------++-------
  Melee: Dagger            |   110 |   244 |   252 |   997 |  1280 |   325 ||  3208
         Punch             |     2 |     1 |     1 |    18 |    29 |     3 ||    54
   Cast: Ensorcelled Hiber |    10 |    32 |    70 |   128 |   318 |   130 ||   688
         Confusing Touch   |       |       |     8 |    19 |    50 |     3 ||    80
         Summon Mana Viper |       |       |       |       |     2 |       ||     2
         Enfeeble          |       |       |       |       |     3 |       ||     3
         Discord           |       |       |       |       |       |     1 ||     1
  Evoke: Wand              |       |       |       |     2 |    10 |       ||    12
    Use: Scroll            |     9 |     7 |     7 |     5 |     6 |       ||    34
         Potion            |       |     1 |       |     1 |     2 |       ||     4
   Stab: Sleeping          |    20 |    36 |    45 |    88 |   192 |    86 ||   467
         Confused          |       |       |     8 |    20 |    42 |     2 ||    72
         Distracted        |       |       |     1 |     8 |    13 |     3 ||    25
         Invisible         |       |       |       |       |     6 |       ||     6
 Armour: Robe              |    23 |    20 |       |       |       |       ||    43
         Animal skin       |       |    38 |    35 |       |       |       ||    73
         Steam dragon scal |       |       |    41 |   228 |   351 |    72 ||   692
  Dodge: Dodged            |    93 |   378 |   303 |  1022 |  1183 |   458 ||  3437
